AoeStats
← Hamstring Cramp

Oasis

510132679Analyzed
3v3 RM · 3d ago on Sep 29, 2026· 13m 52s· 6 players
Game mode
Random Map
Map size
Normal (6 player)
Population
200
Speed
Normal
Resources
Standard
Victory
Conquest
Starting age
Dark Age
Ending age
Imperial Age
RankedLock teamsTeams togetherTeam positionsShared explorationLock speedFull tech treeHidden civsTurbo modeCheats
Victory
Defeat
🇦🇷 Ethiopians · Argentina
1488
+12
🇵🇪 Poles · Peru
1418
+15
🇪🇸 Shu · Spain
1253
+23
🇹🇷 Romans · Türkiye
1427
-18
🇨🇴 Wei · Colombia
1424
-18
🇺🇸 Bohemians · United States
1345
-14
Cyndaquil
1:46 Loom
14:17 Feudal Age
fesava
7:28 Loom
9:43 Feudal Age
7:59 Loom
10:16 Double-Bit Axe
13:13 Scale Barding Armor
Alex Kriz Froz
6:16 Loom
8:59 Feudal Age
12:03 Double-Bit Axe
Hamstring Cramp
3:54 Loom
11:39 Feudal Age
RealDeal77
10:57 Feudal Age
14:32 Castle Age
12:20 Double-Bit Axe
13:21 Gold Mining
13:35 Horse Collar
ivandario67
5:34 Loom
Connection lost

Rejoining the realm…

Still unreachable

The connection could not be restored.

Session expired

The server has moved on; the page needs a fresh start.